MLB
ARIZONA DIAMONDBACKS @ CINCINNATI REDS
03/11/2042
 
TOP OF THE 1ST
Arizona Diamondbacks batting - Pitching for Cincinnati Reds : RHP Duane O'Dell
Pitching: RHP Duane O'Dell
Batting: RHB Jim Williams 0-0: Ball
1-0: Ball
2-0: Ball
3-0: Called Strike
3-1: Called Strike
3-2: Strikes out swinging
Batting: RHB Teklu Malawa 0-0: Ground out 6-3 (Groundball, 6, EV 98.1 MPH)
Batting: SHB Joe Harris 0-0: Ball
1-0: Ground out 6-3 (Groundball, 6, EV 90.0 MPH)
Top of the 1st over - 0 runs, 0 hits, 0 errors, 0 left on base; Arizona 0 - Cincinnati 0
BOTTOM OF THE 1ST
Cincinnati Reds batting - Pitching for Arizona Diamondbacks : RHP Arlen MacIndoe
Pitching: RHP Arlen MacIndoe
Batting: RHB Sergio García 0-0: Called Strike
0-1: Swinging Strike
0-2: Foul Ball, location: 7LMF
0-2: Ball
1-2: Fly out, F8 (Flyball, 8RD, EV 101.9 MPH)
Batting: RHB Bjorn Trommel 0-0: Fly out, F9 (Flyball, 9S, EV 98.1 MPH)
Batting: RHB José Montoya 0-0: Ball
1-0: Foul Ball, location: 5FF
1-1: SINGLE (Groundball, 4D, EV 107.5 MPH)
Batting: LHB Jesús Nava 0-0: Ball
1-0: Fly out, F9 (Flyball, 9, EV 86.3 MPH)
Bottom of the 1st over - 0 runs, 1 hit, 0 errors, 1 left on base; Arizona 0 - Cincinnati 0
TOP OF THE 2ND
Arizona Diamondbacks batting - Pitching for Cincinnati Reds : RHP Duane O'Dell
Batting: LHB Sancho Morán 0-0: Ball
1-0: Swinging Strike
1-1: Foul Ball, location: 9LMFF
1-2: Ball
2-2: Ball
3-2: Foul Ball, location: 23F
3-2: Fly out, F8 (Flyball, 89XD, EV 88.8 MPH)
Batting: RHB Lou Jones 0-0: Foul Ball, location: 2RF
0-1: Ball
1-1: Ball
2-1: Foul Ball, location: 7LMF
2-2: Ball
3-2: Fly out, F9 (Flyball, 89S, EV 83.8 MPH)
Batting: LHB Bob MacEachern 0-0: Swinging Strike
0-1: Fly out, F8 (Flyball, 8LM, EV 91.3 MPH)
Top of the 2nd over - 0 runs, 0 hits, 0 errors, 0 left on base; Arizona 0 - Cincinnati 0
BOTTOM OF THE 2ND
Cincinnati Reds batting - Pitching for Arizona Diamondbacks : RHP Arlen MacIndoe
Batting: RHB Héctor Méndez 0-0: Swinging Strike
0-1: Ball
1-1: Fly out, F6 (Popup, P, EV 84.4 MPH)
Batting: SHB Joe Jones 0-0: Foul Ball, location: 9LSF
0-1: SOLO HOME RUN (Flyball, 7D, EV 103.8 MPH), Distance : 399 ft
Batting: RHB Rudy Edwards 0-0: Fly out, F8 (Flyball, 8LM, EV 82.5 MPH)
Batting: RHB Itocravo Affra 0-0: Called Strike
0-1: DOUBLE (Line Drive, 5D, EV 100.0 MPH)
Batting: RHB Haruki Fujihara 0-0: Ball
1-0: Swinging Strike
1-1: Swinging Strike
1-2: Ball
2-2: Ball
3-2: SINGLE (Flyball, 8LS, EV 93.8 MPH)
Itocravo Affra to third
Runner from 3rd tries for Home, SAFE, throw by CF to home
Batting: RHB Sergio García 0-0: Ball
1-0: Called Strike
1-1: SINGLE (Groundball, 6MD, EV 93.8 MPH)
Haruki Fujihara to second
Batting: RHB Bjorn Trommel 0-0: Ball
1-0: Foul Ball, location: 3FF
1-1: Foul Ball, location: 2F
1-2: Strikes out swinging
Bottom of the 2nd over - 2 runs, 4 hits, 0 errors, 2 left on base; Arizona 0 - Cincinnati 2
TOP OF THE 3RD
Arizona Diamondbacks batting - Pitching for Cincinnati Reds : RHP Duane O'Dell
Batting: LHB Cisco Silva 0-0: Called Strike
0-1: Ground out U3 (Groundball, 3, EV 86.3 MPH)
Batting: RHB Mike Brock 0-0: Foul Ball, location: 25FF
0-1: Fly out, F8 (Flyball, 8RM, EV 93.8 MPH)
Batting: RHB Eddie Fields 0-0: Ball
1-0: Swinging Strike
1-1: Foul Ball, location: 23FF
1-2: DOUBLE (Line Drive, 7LD, EV 98.1 MPH)
Batting: RHB Jim Williams 0-0: Called Strike
0-1: Called Strike
0-2: Ball
1-2: Foul Ball, location: 2F
1-2: Ball
2-2: Ball
3-2: Foul Ball, location: 2F
3-2: Foul Ball, location: 9LMF
3-2: Base on Balls
Batting: RHB Teklu Malawa 0-0: Called Strike
0-1: Ball
1-1: Ball
2-1: Swinging Strike
2-2: Strikes out looking
Top of the 3rd over - 0 runs, 1 hit, 0 errors, 2 left on base; Arizona 0 - Cincinnati 2
BOTTOM OF THE 3RD
Cincinnati Reds batting - Pitching for Arizona Diamondbacks : RHP Arlen MacIndoe
Batting: RHB José Montoya 0-0: Called Strike
0-1: Ball
1-1: Ball
2-1: Ground out 5-3 (Groundball, 56, EV 105.6 MPH)
Batting: LHB Jesús Nava 0-0: Called Strike
0-1: Ball
1-1: Called Strike
1-2: Foul Ball, location: 2F
1-2: Fly out, F5 (Popup, 5SF, EV 84.4 MPH)
Batting: RHB Héctor Méndez 0-0: Called Strike
0-1: Ball
1-1: Ball
2-1: Swinging Strike
2-2: Strikes out swinging
Bottom of the 3rd over - 0 runs, 0 hits, 0 errors, 0 left on base; Arizona 0 - Cincinnati 2
TOP OF THE 4TH
Arizona Diamondbacks batting - Pitching for Cincinnati Reds : RHP Duane O'Dell
Batting: SHB Joe Harris 0-0: Swinging Strike
0-1: Called Strike
0-2: Foul Ball, location: 25F
0-2: Foul Ball, location: 7LMFF
0-2: SOLO HOME RUN (Flyball, 78XD, EV 110.0 MPH), Distance : 434 ft
Batting: LHB Sancho Morán 0-0: Called Strike
0-1: Foul Ball, location: 2F
0-2: Ball
1-2: Strikes out looking
Batting: RHB Lou Jones 0-0: Called Strike
0-1: Ball
1-1: Ball
2-1: Foul Ball, location: 2F
2-2: Foul Ball, location: 25FF
2-2: Ball
3-2: Base on Balls
Batting: LHB Bob MacEachern 0-0: Ball
Lou Jones steals 2nd base
1-0: Ball
2-0: Ball
3-0: Called Strike
3-1: Base on Balls
Batting: LHB Cisco Silva 0-0: Swinging Strike
0-1: Fielders Choice at 2nd, 3-6 (Groundball, 34S, EV 80.6 MPH)
Lou Jones to third
Batting: RHB Mike Brock 0-0: Reached on error, E6 (Groundball, 6D, EV 106.3 MPH)
Lou Jones scores
Cisco Silva to second
Batting: RHB Eddie Fields 0-0: Fly out, F5 (Popup, 56S, EV 85.6 MPH)
Top of the 4th over - 2 runs, 1 hit, 1 error, 2 left on base; Arizona 2 - Cincinnati 2
BOTTOM OF THE 4TH
Cincinnati Reds batting - Pitching for Arizona Diamondbacks : RHP Arlen MacIndoe
Batting: SHB Joe Jones 0-0: Ball
1-0: Foul Ball, location: 5F, Error on foul ball, E5
1-1: Foul Ball, location: 23F
1-2: Strikes out swinging
Batting: RHB Rudy Edwards 0-0: Ball
1-0: Ball
2-0: Ball
3-0: Foul Ball, location: 23F
3-1: Foul Ball, location: 5F
3-2: Base on Balls
Batting: RHB Itocravo Affra 0-0: Called Strike
Rudy Edwards is caught stealing 2nd base 2-4
0-1: Foul Ball, location: 2F
0-2: Foul Ball, location: 3F
0-2: Ball
1-2: Strikes out swinging
Bottom of the 4th over - 0 runs, 0 hits, 1 error, 0 left on base; Arizona 2 - Cincinnati 2
TOP OF THE 5TH
Arizona Diamondbacks batting - Pitching for Cincinnati Reds : RHP Duane O'Dell
Pitching: RHP Wilson Jiménez
Now at 1B: Juan Gómez
Now at 3B: Jeff Chase
Now in CF: Iván Ramos
Now in RF: Sadaharu Takahashi
Pinch Hitting: LHB Tommy Rose 0-0: Ball
1-0: SOLO HOME RUN (Flyball, 9D, EV 98.8 MPH), Distance : 406 ft
Pinch Hitting: RHB Joe Brown 0-0: Swinging Strike
0-1: Foul Ball, location: 2RF
0-2: SINGLE (Line Drive, 7LS, EV 106.3 MPH)
Batting: SHB Joe Harris 0-0: Grounds into double play, 4-6-3 (Groundball, 4S, EV 88.8 MPH)
Batting: LHB Sancho Morán 0-0: Ball
1-0: Ball
2-0: Foul Ball, location: 2F
2-1: Foul Ball, location: 23FF
2-2: SINGLE (Groundball, 34D, EV 103.1 MPH)
Batting: RHB Lou Jones 0-0: Called Strike
0-1: Ball
1-1: Fly out, F6 (Popup, 6D, EV 51.3 MPH)
Top of the 5th over - 1 run, 3 hits, 0 errors, 1 left on base; Arizona 3 - Cincinnati 2
BOTTOM OF THE 5TH
Cincinnati Reds batting - Pitching for Arizona Diamondbacks : RHP Arlen MacIndoe
Now in CF: Joe Brown
Now in RF: Tommy Rose
Batting: RHB Haruki Fujihara 0-0: Ball
1-0: Ball
2-0: Ball
3-0: Base on Balls
Batting: LHB Iván Ramos 0-0: Ball
1-0: Bunted foul
1-1: Called Strike
1-2: DOUBLE (Line Drive, 5D, EV 110.6 MPH)
Haruki Fujihara to third
Batting: RHB Sadaharu Takahashi 0-0: Swinging Strike
0-1: Ball
1-1: Ground out 6-3 (Groundball, 6, EV 84.4 MPH)
Batting: LHB Juan Gómez 0-0: SINGLE (Line Drive, 9LM, EV 110.0 MPH)
Haruki Fujihara scores
Iván Ramos to third
Runner from 3rd tries for Home, SAFE, throw by RF to home
Juan Gómez to second
Batting: LHB Jesús Nava 0-0: Called Strike
0-1: Called Strike
0-2: Strikes out swinging
Batting: RHB Manny Sosa 0-0: Foul Ball, location: 25FF
0-1: Swinging Strike
0-2: Strikes out swinging, 2-3 out at first.
Bottom of the 5th over - 2 runs, 2 hits, 0 errors, 1 left on base; Arizona 3 - Cincinnati 4
TOP OF THE 6TH
Arizona Diamondbacks batting - Pitching for Cincinnati Reds : RHP Wilson Jiménez
Pitching: LHP Ron Mason
Now at C: Jorge Márquez
Now in LF: Eric Brooks
Batting: LHB Esteban Ayala 0-0: Ball
1-0: Called Strike
1-1: Foul Ball, location: 9LSFF
1-2: SOLO HOME RUN (Line Drive, 9D, EV 95.6 MPH), Distance : 373 ft
Batting: LHB Cisco Silva 0-0: Ball
1-0: Ball
2-0: Foul Ball, location: 3FF
2-1: Foul Ball, location: 7LDF
2-2: Foul Ball, location: 23F
2-2: SOLO HOME RUN (Flyball, 9D, EV 99.4 MPH), Distance : 376 ft
Pinch Hitting: RHB Orlando Gómes 0-0: Swinging Strike
0-1: Ball
1-1: Ball
2-1: Ball
3-1: Foul Ball, location: 2F
3-2: Base on Balls
Batting: RHB Eddie Fields 0-0: Sac Bunt to 13 - play at first, batter OUT! 1-3
Orlando Gómes to second
Batting: LHB Tommy Rose 0-0: Swinging Strike
0-1: Foul Ball, location: 2F
0-2: Ball
1-2: Foul Ball, location: 23F
1-2: Foul Ball, location: 3F
1-2: Ball
2-2: Ball
3-2: Strikes out looking
Batting: RHB Joe Brown 0-0: Foul Ball, location: 9LMF
0-1: Ball
1-1: Ground out 5-3 (Groundball, 5, EV 84.4 MPH)
Top of the 6th over - 2 runs, 2 hits, 0 errors, 1 left on base; Arizona 5 - Cincinnati 4
BOTTOM OF THE 6TH
Cincinnati Reds batting - Pitching for Arizona Diamondbacks : RHP Arlen MacIndoe
Pitching: LHP Ronnie Lee
Now at 2B: Orlando Gómes
Pinch Hitting: RHB Mauro Navarro 0-0: Foul Ball, location: 23F
0-1: Called Strike
0-2: Ground out U3 (Groundball, 34S, EV 83.8 MPH)
Pinch Hitting: SHB Dan Gray 0-0: Ball
1-0: Called Strike
1-1: Foul Ball, location: 2RF
1-2: Strikes out swinging
Pinch Hitting: LHB Arturo Patino 0-0: Swinging Strike
0-1: Foul Ball, location: 2F
0-2: Foul Ball, location: 7LDF
0-2: Ball
1-2: Strikes out swinging
Bottom of the 6th over - 0 runs, 0 hits, 0 errors, 0 left on base; Arizona 5 - Cincinnati 4
TOP OF THE 7TH
Arizona Diamondbacks batting - Pitching for Cincinnati Reds : LHP Ron Mason
Now at 2B: Arturo Patino
Now at 3B: António Ceras
Now at SS: Dan Gray
Batting: SHB Joe Harris 0-0: Ground out 5-3 (Groundball, 5S, EV 86.3 MPH)
Batting: LHB Sancho Morán 0-0: Ball
1-0: Foul Ball, location: 7LMF
1-1: SINGLE (Groundball, 34D, EV 105.6 MPH)
Batting: RHB Lou Jones 0-0: Ground out 6-3 (Groundball, 6S, EV 71.9 MPH)
Sancho Morán to second
Batting: LHB Esteban Ayala 0-0: Ball
1-0: Ball
2-0: Called Strike
2-1: SINGLE (Line Drive, 6D, EV 98.1 MPH)
Sancho Morán to third
Runner from 3rd tries for Home, SAFE, throw by LF to home
Pitching: RHP Jorge Gorrindo
Batting: LHB Cisco Silva 0-0: Fly out, F8 (Flyball, S4, EV 90.6 MPH)
Top of the 7th over - 1 run, 2 hits, 0 errors, 1 left on base; Arizona 6 - Cincinnati 4
BOTTOM OF THE 7TH
Cincinnati Reds batting - Pitching for Arizona Diamondbacks : LHP Ronnie Lee
Pitching: LHP Lou Jackson
Batting: RHB Eric Brooks 0-0: Ball
1-0: Ball
2-0: Ball
3-0: Called Strike
3-1: Swinging Strike
3-2: SINGLE (Groundball, 4MD, EV 95.0 MPH)
Pinch Runner at 1st Raúl Campos:
Batting: LHB Iván Ramos 0-0: Ball
Raúl Campos steals 2nd base (no throw)
1-0: Called Strike
1-1: Ball
2-1: Ball
3-1: Foul Ball, location: 7LMF
3-2: Foul Ball, location: 9LDF
3-2: Foul Ball, location: 5F
3-2: SINGLE (Line Drive, 78S, EV 88.8 MPH)
Raúl Campos to third
Batting: RHB Sadaharu Takahashi 0-0: Called Strike
0-1: Swinging Strike
0-2: Strikes out swinging
Pinch Hitting: RHB José Cherino 0-0: Called Strike
0-1: Swinging Strike
0-2: Ball
1-2: Ball
2-2: Fly out, F9 (Flyball, 9LSF, EV 90.0 MPH)
Batting: SHB Jorge Márquez 0-0: Ball
1-0: Fly out, F3 (Popup, 34S, EV 71.9 MPH)
Bottom of the 7th over - 0 runs, 2 hits, 0 errors, 2 left on base; Arizona 6 - Cincinnati 4
TOP OF THE 8TH
Arizona Diamondbacks batting - Pitching for Cincinnati Reds : RHP Jorge Gorrindo
Pitching: LHP Rod Rodmell
Now at 1B: Raúl Campos
Now in LF: José Cherino
Batting: RHB Orlando Gómes 0-0: Ball
1-0: Ball
2-0: Foul Ball, location: 9LDF
2-1: Foul Ball, location: 9LSF
2-2: Foul Ball, location: 3SF
2-2: Fly out, F8 (Flyball, 8LM, EV 85.0 MPH)
Batting: RHB Eddie Fields 0-0: Ground out 6-3 (Groundball, 6, EV 103.1 MPH)
Batting: LHB Tommy Rose 0-0: Ball
1-0: Foul Ball, location: 7LSF
1-1: Called Strike
1-2: Ball
2-2: Foul Ball, location: 7LSF
2-2: Fly out, F9 (Flyball, 9, EV 76.3 MPH)
Top of the 8th over - 0 runs, 0 hits, 0 errors, 0 left on base; Arizona 6 - Cincinnati 4
BOTTOM OF THE 8TH
Cincinnati Reds batting - Pitching for Arizona Diamondbacks : LHP Lou Jackson
Pitching: LHP José Queij
Batting: RHB Manny Sosa 0-0: Swinging Strike
0-1: Ball
1-1: Ball
2-1: Foul Ball, location: 3F
2-2: Foul Ball, location: 9LDF
2-2: Ground out 4-3 (Groundball, 4S, EV 82.5 MPH)
Pinch Hitting: RHB Calvin Hodnett 0-0: Swinging Strike
0-1: Foul Ball, location: 9LMF
0-2: Strikes out swinging
Batting: SHB Dan Gray 0-0: Called Strike
0-1: Ball
1-1: Foul Ball, location: 9LMF
1-2: Ball
2-2: Ground out 4-3 (Groundball, 34, EV 85.0 MPH)
Bottom of the 8th over - 0 runs, 0 hits, 0 errors, 0 left on base; Arizona 6 - Cincinnati 4
TOP OF THE 9TH
Arizona Diamondbacks batting - Pitching for Cincinnati Reds : LHP Rod Rodmell
Pitching: RHP Tony Collins
Now at 3B: Ted Shields
Batting: RHB Joe Brown 0-0: Ball
1-0: Foul Ball, location: 2F
1-1: Ball
2-1: Foul Ball, location: 23FF
2-2: Strikes out swinging
Batting: SHB Joe Harris 0-0: Ball
1-0: Swinging Strike
1-1: SOLO HOME RUN (Flyball, 9LD, EV 95.0 MPH), Distance : 349 ft
Batting: LHB Sancho Morán 0-0: Ball
1-0: Ground out 4-3 (Groundball, 4, EV 103.1 MPH)
Batting: RHB Lou Jones 0-0: Ground out 4-3 (Groundball, 4, EV 81.3 MPH)
Top of the 9th over - 1 run, 1 hit, 0 errors, 0 left on base; Arizona 7 - Cincinnati 4
BOTTOM OF THE 9TH
Cincinnati Reds batting - Pitching for Arizona Diamondbacks : LHP José Queij
Pitching: RHP António Alonzo
Batting: LHB Arturo Patino 0-0: Ball
1-0: Foul Ball, location: 9LDF
1-1: Ball
2-1: Ball
3-1: Base on Balls
Batting: LHB Raúl Campos 0-0: Ball
1-0: Fly out, F6 (Popup, 6MD, EV 52.5 MPH)
Pinch Hitting: SHB Ron Anderson 0-0: Fielders Choice at 2nd, 5-4 (Groundball, 56, EV 81.3 MPH)
Pinch Hitting: LHB Alam Zardari 0-0: Ball
1-0: Ball
2-0: Called Strike
2-1: Called Strike
2-2: Foul Ball, location: 7LMF
2-2: Fielders Choice at 2nd, 6-4 (Groundball, 6, EV 85.6 MPH)
Bottom of the 9th over - 0 runs, 0 hits, 0 errors, 1 left on base; Arizona 7 - Cincinnati 4
Friday, May 3rd , 2024 - OOTP Baseball 24.10 Build 82